 Dungeon Crawl Stone Soup version 0.21.1-1-g345015f (webtiles) character file.

20307 Mirai the Thaumaturge (level 12, -1/71 HPs)
             Began as a Deep Elf Conjurer on Apr 5, 2018.
             Was a High Priest of Vehumet.
             Slain by a black mamba (12 damage)
             ... on level 3 of the Lair of Beasts.
             The game lasted 00:45:39 (16516 turns).

Mirai the Thaumaturge (Deep Elf Conjurer)          Turns: 16516, Time: 00:45:40

Health: -1/71      AC:  5    Str:  5    XL:     12   Next: 44%
Magic:  27/31      EV: 19    Int: 26    God:    Vehumet [*****.]
Gold:   643        SH:  0    Dex: 15    Spells: 23/37 levels left

rFire    . . .     SeeInvis .   x - +5 double sword
rCold    . . .     Gourm    .   (no shield)
rNeg     . . .     Faith    +   i - +1 robe {MR+}
rPois    .         Spirit   .   v - +0 helmet
rElec    .         Reflect  .   (no cloak)
rCorr    .         Harm     .   n - +0 pair of gloves
MR       +++..                  z - +0 pair of boots
Stlth    ++........             a - amulet of faith
HPRegen  0.21/turn              f - ring of protection from magic
MPRegen  0.22/turn              w - +5 ring of slaying

@: lethally poisoned (-1 -> -7), very slightly contaminated, invisible
A: talons 2, deformed body
a: Renounce Religion


You were on level 3 of the Lair of Beasts.
You worshipped Vehumet.
Vehumet was extremely pleased with you.
You were not hungry.

You visited 3 branches of the dungeon, and saw 15 of its levels.

You collected 643 gold pieces.

Inventory:

Hand Weapons
 x - a +5 double sword (weapon)
Armour
 i - a +1 robe of magic resistance (worn)
 n - a +0 pair of gloves (worn)
 v - a +0 helmet (worn)
 z - a +0 pair of boots (worn)
Jewellery
 a - an amulet of faith (around neck)
 f - a ring of protection from magic (left hand)
 w - a +5 ring of slaying (right hand)
 B - an uncursed ring of ice
 G - an uncursed ring of resist corrosion
Wands
 d - a wand of paralysis (23)
 h - a wand of flame (21)
 m - a wand of acid (6)
 C - a wand of random effects (25)
Scrolls
 e - 3 scrolls of immolation
 j - 8 scrolls of remove curse
 k - 3 scrolls of brand weapon {unknown}
 l - 3 scrolls of amnesia
 q - 9 scrolls of identify
 r - a scroll of enchant armour
 u - 4 scrolls of enchant weapon
 y - 2 scrolls of teleportation
 D - a scroll of fog
 E - a scroll of summoning {unknown}
Potions
 g - a potion of magic {unknown}
 o - 3 potions of brilliance
 t - 2 potions of resistance
 A - a potion of flight
Books
 b - a book of Conjurations

   Spells                             Type                      Level
   a - Magic Dart                     Conjuration                  1
   b - Searing Ray                    Conjuration                  2
   c - Dazzling Spray                 Conjuration/Hexes            3
   d - Fulminant Prism                Conjuration/Hexes            4
   e - Force Lance                    Conjuration/Translocation    4
   f - Iskenderun's Mystic Blast      Conjuration                  4
Miscellaneous
 s - a lamp of fire
Comestibles
 c - 16 rations


   Skills:
 + Level 6.7 Fighting
 - Level 10.0 Dodging
 - Level 2.4 Stealth
 + Level 13.0 Spellcasting
 + Level 11.0 Conjurations
 - Level 7.1 Hexes
 * Level 6.9 Fire Magic
 + Level 7.6 Evocations


You had 23 spell levels left.
You knew the following spells:

 Your Spells              Type           Power        Failure   Level  Hunger
a - Magic Dart            Conj           ####         1%          1    None
b - Searing Ray           Conj           ######       1%          2    None
c - Iskenderun's Mystic   Conj           ######..     1%          4    None
d - Fulminant Prism       Conj/Hex       ######....   1%          4    None
e - Inner Flame           Hex/Fire       ######..     1%          3    None


Dungeon Overview and Level Annotations

Branches:
Dungeon (10/15)            Temple (1/1) D:6            Lair (4/6) D:10
  Swamp: Lair:2-4    Shoals: Lair:2-4     Snake: Lair:2-4    Spider: Lair:2-4
    Orc: D:9-12

Altars:
Ashenzari
Gozag
Hepliaklqana
Kikubaaqudgha
Makhleb
Okawaru
Ru
Sif Muna
Trog
Uskayaw
Vehumet
Yredelemnul
Zin
The Shining One

Shops:
D:5 (   D:9 ?

Annotations:
D:10 Sonja


Innate Abilities, Weirdness & Mutations

You have razor-sharp toenails.
Armour fits poorly on your strangely shaped body.


Message History

The basilisk gazes at you. You resist with almost no effort.
You feel sick.
The basilisk gazes at something.
You feel sick. The black mamba barely misses you.
You feel sick.
The basilisk gazes at the black mamba.
The black mamba resists with significant effort.
The black mamba misses you.
You feel sick.
The basilisk gazes at something.
You feel sick. The black mamba misses you.
You feel sick. The black mamba bites you.
You feel sick.
You feel sick. The black mamba misses you.
You feel sick.
You feel sick. The black mamba bites you!
* * * LOW HITPOINT WARNING * * *
You feel sick. The black mamba bites you!
You die...

.....# #.P# ###....##
....####.P#####.....P#
....##.#............##
....>...............#
.....#.#.#..........#
..............P.....#
....................##
................S...P#
.......##.#.P...@...##
.............P......#
.............PP.....#
###.##.######PP..####
###### ######


You could see a black mamba.

Vanquished Creatures
  3 hydras
  The ghost of Mirai the Eclecticist, a journeyman DECj of Vehumet (Lair:1)
  Urug (Lair:3)
  Pikel (D:8)
  An ugly thing (D:9)
  6 elephants (Lair:3)
  3 spiny frogs
  A black mamba (Lair:3)
  A gargoyle (D:10)
  A rime drake (Lair:3)
  4 komodo dragons
  A hornet (Lair:3)
  A polar bear (Lair:2)
  5 hippogriffs
  Sigmund (D:4)
  The ghost of VLARC the Sneak, an amateur OpWz (D:4)
  2 wyverns
  A wraith (D:10)
  3 yaks
  A basilisk (D:10)
  A hungry ghost (D:8)
  Edmund (D:3)
  10 water moccasins
  A black bear (Lair:1)
  Duvessa (D:7)
  2 ice beasts
  14 porcupines
  5 sky beasts
  4 orc warriors
  2 phantoms
  4 ogres
  8 wolves
  7 centaurs
  The ghost of iamserjio the Sneak, an amateur OpMo (D:3)
  5 crocodiles
  3 big kobolds (D:8)
  9 bullfrogs
  Dowan (D:7)
  3 scorpions
  5 killer bees (D:9)
  2 howler monkeys
  4 lava snakes (Lair:2)
  5 hounds
  A bullfrog zombie (D:8)
  A jelly (D:8)
  2 quasits (D:10)
  7 orc priests
  Ijyb (D:4)
  2 iguanas
  7 orc wizards
  7 worker ants
  A hound skeleton (D:8)
  2 hound zombies (D:10)
  A howler monkey zombie (D:10)
  A worker ant zombie (D:8)
  9 gnolls
  10 adders
  2 shadow imps
  An ooze (D:2)
  An adder zombie (D:5)
  3 adder skeletons
  6 worms
  4 dart slugs
  6 leopard geckos
  27 orcs
  3 giant cockroaches
  3 goblins
  8 hobgoblins
  3 jackals
  4 quokkas
  A ball python (D:5)
  9 bats
  6 frilled lizards
  A jackal skeleton (D:6)
  26 kobolds
  7 rats (D:1)
310 creatures vanquished.

Vanquished Creatures (others)
  2 slaves (D:7)
  An orc priest (D:7)
  3 orc wizards
  A jelly (D:7)
  A bullfrog skeleton (D:8)
  A shadow imp (D:7)
  An orc (D:7)
  26 fulminant prisms
  5 fungi
  A plant (Lair:2)
  4 toadstools (D:1)
46 creatures vanquished.

Grand Total: 356 creatures vanquished

Notes
Turn   | Place    | Note
-------+----------+-------------------------------------------
     0 | D:1      | Mirai the Deep Elf Conjurer began the quest for the Orb.
     0 | D:1      | Reached XP level 1. HP: 10/10 MP: 6/6
   260 | D:1      | Reached skill level 4 in Spellcasting
   260 | D:1      | Reached XP level 2. HP: 15/15 MP: 5/9
   271 | D:1      | Learned a level 2 spell: Searing Ray
   744 | D:1      | Reached XP level 3. HP: 19/19 MP: 9/11
   888 | D:2      | Reached skill level 5 in Spellcasting
  1212 | D:2      | Found an ancient bone altar of Kikubaaqudgha.
  1419 | D:2      | Reached XP level 4. HP: 14/24 MP: 5/13
  1432 | D:2      | Learned a level 4 spell: Iskenderun's Mystic Blast
  1437 | D:2      | Learned a level 4 spell: Fulminant Prism
  1654 | D:3      | Reached skill level 6 in Spellcasting
  1697 | D:3      | Found a hide-covered altar of Uskayaw.
  1704 | D:3      | Found a sacrificial altar of Ru.
  1728 | D:3      | Noticed iamserjio's ghost (amateur OpMo)
  1739 | D:3      | Killed iamserjio's ghost
  1739 | D:3      | Reached skill level 1 in Hexes
  1739 | D:3      | Reached XP level 5. HP: 26/28 MP: 4/15
  1862 | D:3      | Found an opulent altar of Gozag.
  2289 | D:3      | Found an iron altar of Okawaru.
  2481 | D:3      | Found a glowing golden altar of the Shining One.
  2488 | D:3      | Reached skill level 5 in Conjurations
  2639 | D:4      | Noticed Edmund
  2729 | D:3      | Killed Edmund
  2729 | D:3      | Reached XP level 6. HP: 32/32 MP: 0/17
  3122 | D:4      | Reached skill level 7 in Spellcasting
  3170 | D:4      | Noticed VLARC's ghost (amateur OpWz)
  3180 | D:4      | Killed VLARC's ghost
  3180 | D:4      | Reached XP level 7. HP: 26/36 MP: 1/19
  3384 | D:4      | Found a shattered altar of Ashenzari.
  3408 | D:4      | Noticed Ijyb
  3417 | D:4      | Killed Ijyb
  3779 | D:4      | Noticed Sigmund
  3785 | D:4      | Killed Sigmund
  3785 | D:4      | Reached skill level 5 in Dodging
  4321 | D:5      | Entered Level 5 of the Dungeon
  4329 | D:5      | Reached skill level 8 in Spellcasting
  4329 | D:5      | Reached skill level 5 in Hexes
  4401 | D:5      | Reached XP level 8. HP: 39/41 MP: 15/22
  4421 | D:5      | Reached skill level 1 in Evocations
  4599 | D:5      | Found Cezuuciq's Antique Weapon Shoppe.
  5457 | D:6      | Found a staircase to the Ecumenical Temple.
  5467 | Temple   | Entered the Ecumenical Temple
  5482 | Temple   | Became a worshipper of Vehumet
  5548 | D:6      | You fall through a shaft!
  5616 | D:7      | Noticed Pikel
  5654 | D:8      | Killed Pikel
  5654 | D:8      | Reached skill level 1 in Fighting
  5654 | D:8      | Reached skill level 9 in Spellcasting
  5654 | D:8      | Reached XP level 9. HP: 25/48 MP: 2/24
  5919 | D:7      | Noticed Duvessa
  5921 | D:7      | Killed Duvessa
  5927 | D:7      | Noticed Dowan
  5935 | D:7      | Killed Dowan
  7480 | D:6      | Reached skill level 10 in Spellcasting
  7559 | D:6      | Reached * piety under Vehumet
  7559 | D:6      | Offered knowledge of Freeze by Vehumet.
  8117 | D:8      | Reached XP level 10. HP: 51/56 MP: 5/26
  8328 | D:8      | Offered knowledge of Sandblast by Vehumet.
  8338 | D:8      | Reached ** piety under Vehumet
  8718 | D:8      | Found a hazy altar of Hepliaklqana.
  9377 | D:9      | Found Fejeivih's Magic Scroll Shop.
  9525 | D:9      | Offered knowledge of Mephitic Cloud by Vehumet.
  9597 | D:9      | Reached *** piety under Vehumet
  9919 | D:9      | Noticed a green ugly thing
  9923 | D:9      | Killed a green ugly thing
  9923 | D:9      | Reached skill level 11 in Spellcasting
 10416 | D:9      | Gained mutation: Armour fits poorly on your strangely shaped body. [potion of mutation]
 10416 | D:9      | Gained mutation: You have sharp toenails. [potion of mutation]
 10416 | D:9      | Gained mutation: You have razor-sharp toenails. [potion of mutation]
 10420 | D:10     | Entered Level 10 of the Dungeon
 10420 | D:10     | Noticed Sonja
 10686 | D:10     | Offered knowledge of Conjure Flame by Vehumet.
 10780 | D:10     | Noticed a gargoyle
 10785 | D:10     | Killed a gargoyle
 10929 | D:10     | Found a staircase to the Lair.
 10929 | D:10     | Noticed a death yak
 11288 | D:10     | Reached skill level 5 in Fighting
 11376 | Lair:1   | Entered Level 1 of the Lair of Beasts
 11465 | Lair:1   | Reached skill level 5 in Evocations
 11465 | Lair:1   | Reached XP level 11. HP: 61/63 MP: 1/28
 11938 | Lair:1   | Noticed a six-headed hydra
 11957 | Lair:1   | Killed a six-headed hydra
 11957 | Lair:1   | Reached skill level 10 in Dodging
 12048 | Lair:1   | Reached **** piety under Vehumet
 12120 | Lair:1   | Offered knowledge of Inner Flame by Vehumet.
 12125 | Lair:1   | Learned a level 3 spell: Inner Flame
 12204 | Lair:1   | Reached skill level 10 in Conjurations
 12349 | Lair:1   | Noticed Mirai's ghost (journeyman DECj)
 12361 | Lair:1   | Killed Mirai's ghost
 12361 | Lair:1   | Reached skill level 12 in Spellcasting
 12361 | Lair:1   | Reached skill level 1 in Fire Magic
 12788 | Lair:2   | Noticed a five-headed hydra
 12801 | Lair:2   | Killed a five-headed hydra
 13208 | Lair:2   | Noticed a seven-headed hydra
 13217 | Lair:2   | Killed a seven-headed hydra
 13251 | Lair:2   | Noticed a six-headed hydra
 14001 | Lair:3   | Noticed Urug
 14005 | Lair:3   | Killed Urug
 14360 | Lair:3   | Reached skill level 5 in Fire Magic
 14531 | Lair:3   | Reached XP level 12. HP: 70/70 MP: 25/30
 15169 | Lair:3   | Reached ***** piety under Vehumet
 15169 | Lair:3   | Offered knowledge of Sticky Flame by Vehumet.
 16324 | Lair:4   | Reached skill level 13 in Spellcasting
 16516 | Lair:3   | Slain by a black mamba

Skill      XL: |  1  2  3  4  5  6  7  8  9 10 11 12 |
---------------+-------------------------------------+-----
Spellcasting   | 4 5 6 7 8 9 10 11 12 13 | 13.0
Dodging        | 3 4 5 6 8 9 10 | 10.0
Hexes          | 1 3 4 5 6 7 |  7.1
Conjurations   | 5 6 7 8 9 10 11 | 11.0
Evocations     | 2 5 6 7 |  7.6
Fighting       | 1 3 5 6 |  6.7
Fire Magic     | 5 6 |  6.9
Stealth        | |  2.4

Action                   |  1- 3 |  4- 6 |  7- 9 | 10-12 || total
-------------------------+-------+-------+-------+-------++-------
Melee: Hand axe          |     3 |    14 |    15 |    13 ||    45
       Double sword      |       |       |       |     2 ||     2
 Cast: Magic Dart        |    76 |    66 |    94 |   157 ||   393
       Searing Ray       |     3 |    17 |    46 |    78 ||   144
       Iskenderun's Myst |       |     2 |    39 |   111 ||   152
       Fulminant Prism   |       |       |     4 |    22 ||    26
Evoke: Wand              |       |       |     3 |     7 ||    10
  Use: Potion            |       |     5 |       |     8 ||    13
       Scroll            |       |       |    11 |     7 ||    18
 Stab: Invisible         |       |     1 |       |       ||     1
  Eat: Chunk             |     1 |     5 |    14 |    18 ||    38
       Ration            |       |       |     1 |     3 ||     4
Armor: Robe              |       |     6 |    10 |    32 ||    48
       Skin              |       |    17 |       |       ||    17
Dodge: Dodged            |    18 |    25 |    95 |   233 ||   371
       Rpst.: Double sword |       |       |       |    15 ||    15
